 Dungeon Crawl Stone Soup version 0.17.0-15-g6d90897 (webtiles) character file.

255 SKei0 the Covered (level 6, -1/38 HPs)
             Began as a Gargoyle Fighter on Nov 11, 2015.
             Slain by a troll (8 damage)
             ... on level 4 of the Dungeon.
             The game lasted 00:05:24 (2606 turns).

SKei0 the Covered (Gargoyle Fighter)                Turns: 2606, Time: 00:05:24

Health: -1/38      AC: 16    Str: 21    XL:     6   Next: 15%
Magic:  6/6        EV:  4    Int:  9    God:
Gold:   168        SH:  9    Dex:  9    Spells: 0 memorised, 5 levels left

rFire  . . .     SeeInvis .     a - +0 flail
rCold  . . .     Clarity  .     w - +0 plate armour
rNeg   + . .     SustAt   .     c - +0 shield
rPois  ∞         Gourm    .     (no helmet)
rElec  +         Spirit   .     (no cloak)
rCorr  +         Warding  .     (no gloves)
rMut   .         Stasis   .     (no boots)
MR     .....                    q - amulet of resist corrosion
Stlth  ..........               (no ring)
                                (no ring)

@: hasted, very quick, not resistant to hostile enchantments, extremely
unstealthy
A: negative energy resistance 1, electricity resistance, unbreathing,
petrification resistance, rot immunity, AC +4
a: no special abilities


You were on level 4 of the Dungeon.
You were not hungry.

You visited 1 branch of the dungeon, and saw 4 of its levels.
You also visited: Sewer.

You collected 168 gold pieces.

Inventory:

Hand Weapons
 a - a +0 flail (weapon)
Armour
 b - a +0 scale mail
 c - a +0 shield (worn)
 f - a +0 chain mail
 w - a +0 plate armour (worn)
Jewellery
 q - an amulet of resist corrosion (around neck)
Wands
 u - a wand of fireball (6)
Scrolls
 g - 5 scrolls of teleportation {unknown}
 h - 3 scrolls of identify {unknown}
 j - 4 scrolls of remove curse {unknown}
 m - a scroll of random uselessness {unknown}
 n - 2 scrolls of magic mapping {unknown}
 y - 2 scrolls of blinking {unknown}
Potions
 d - a potion of might
 i - a potion of flight {unknown}
 l - a potion of agility {unknown}
 p - 2 potions of haste
 r - a potion of brilliance {unknown}
 s - a potion of lignification {unknown}
 t - 2 potions of invisibility {unknown}
 z - a potion of heal wounds {unknown}
Comestibles
 e - 4 bread rations
 k - 5 fruits
 o - 3 meat rations
 v - a beef jerky


   Skills:
 + Level 4.2 Fighting
 * Level 3.7 Maces & Flails
 * Level 4.7 Armour
 + Level 4.6 Shields


You had 5 spell levels left.
You didn't know any spells.

Dungeon Overview and Level Annotations

Branches:
Dungeon (4/15)
 Temple: D:4-7

Altars:
Dithmenos
Elyvilon
Fedhas
Gozag
Nemelex Xobeh


Innate Abilities, Weirdness & Mutations

You are resistant to torment.
Your stone body is resilient (AC +4).
You are immune to poison.
You resist negative energy.
You are resistant to electric shocks.
You can survive without breathing.
You are immune to petrification.
You are immune to rotting.


Message History

The troll is lightly wounded.
You block the troll's attack. The troll completely misses you.
You block the troll's attack.
You hit the troll.
The troll is lightly wounded.
You block the troll's attack. The troll claws you but does no damage.
The troll claws you but does no damage.
You closely miss the troll.
The troll is lightly wounded.
The troll bites you but does no damage. The troll claws you.
The troll claws you but does no damage. You block the troll's attack.
The troll claws you but does no damage. x2
You closely miss the troll.
The troll is lightly wounded.
You block the troll's attack. The troll barely misses you. The troll claws you.
* * * LOW HITPOINT WARNING * * *
Drink which item? (? for menu, Esc to quit)
You feel yourself speed up. The troll bites you but does no damage.
The troll claws you!
You die...

#..#####.#..#...####.......##.#.#
#..#....(..###.## ##..###.......
#..#...#.#..#..# #......##.##.
#......).##...## #......##....
.........###.## #...########.
>.<......###.##### #...# .
####...####.(....# #...# ####...#
#.......# #...#
......####....##@# #...#
......###.....##T####...#
......##..#..............
.........................
......##.................
......##.#.......###....#
.#######.#....#### ....# )#
#.#....# ...# ### #.#.#.## ..#


You could see a troll.

Vanquished Creatures
  A crocodile (Sewer)
  2 hounds (D:4)
  7 adders
  A worm (D:2)
  5 giant geckos
  An orc (D:4)
  2 bats (D:2)
  4 giant cockroaches
  6 goblins
  8 hobgoblins
  2 jackals (Sewer)
  8 kobolds
  2 quokkas
  2 ball pythons
  2 giant newts
  3 rats (D:1)
56 creatures vanquished.

Notes
Turn   | Place    | Note
--------------------------------------------------------------
     0 | D:1      | SKei0 the Gargoyle Fighter began the quest for the Orb.
     0 | D:1      | Reached XP level 1. HP: 14/14 MP: 1/1
   245 | D:1      | Reached XP level 2. HP: 19/19 MP: 2/2
   585 | D:2      | Found a shadowy altar of Dithmenos.
   622 | D:2      | Reached XP level 3. HP: 23/23 MP: 3/3
  1279 | D:2      | Reached skill level 4 in Shields
  1279 | D:2      | Reached XP level 4. HP: 26/29 MP: 4/4
  1680 | D:3      | Found an opulent altar of Gozag.
  1681 | D:3      | Found a sparkling altar of Nemelex Xobeh.
  1722 | D:3      | Found a blossoming altar of Fedhas.
  2000 | D:4      | Found a glowing drain.
  2036 | Sewer    | Entered a sewer
  2054 | Sewer    | Reached XP level 5. HP: 33/33 MP: 5/5
  2096 | Sewer    | Noticed a crocodile
  2105 | Sewer    | Killed a crocodile
  2284 | D:4      | Found a white marble altar of Elyvilon.
  2447 | D:4      | Reached XP level 6. HP: 36/38 MP: 6/6
  2581 | D:4      | Noticed a troll
  2606 | D:4      | Slain by a troll

Action                   |  1- 3 |  4- 6 || total
-------------------------+-------+-------++-------
Melee: Flail             |   106 |   139 ||   245
  Use: Potion            |       |     1 ||     1
  Eat: Chunk             |     1 |     5 ||     6
